 Dungeon Crawl Stone Soup version 0.29-a0-872-g797fff5ad1 (webtiles) character file.

Game seed: 5186163979177316778

221 mcwallace the Chiller (level 5, -1/41 HPs)
             Began as a Demigod Ice Elementalist on July 18, 2022.
             Slain by clackabat's ghost (11 damage)
             ... on level 3 of the Dungeon.
             The game lasted 00:07:03 (4896 turns).

mcwallace the Chiller (Demigod Ice Elementalist)    Turns: 4896, Time: 00:07:03

Health: -1/41      AC: 10    Str:  9    XL:     5   Next: 38%
Magic:  5/12       EV: 13    Int: 21    God:
Gold:   175        SH:  0    Dex: 16    Spells: 2/9 levels left

rFire   . . .      SeeInvis .   I - +5 dagger "Yqifat" {drain, rN+ Dex+2, short}
rCold   . . .      Faith    .   q - orb {light}
rNeg    + . .      Spirit   .   a - +0 robe
rPois   .          Reflect  .   n - +0 helmet
rElec   .          Harm     .   z - +0 cloak
rCorr   .          Rampage  .   (no gloves)
Will    .....                   (no boots)
Stlth   +.........              (no amulet)
HPRegen 0.13/turn               (no ring)
MPRegen 0.13/turn               (no ring)

@: ice-armoured, freezing walls, glowing
A: high MP 1, forlorn, divine attributes
a: no special abilities


You were on level 3 of the Dungeon.
You visited 1 branch of the dungeon, and saw 3 of its levels.

You collected 175 gold pieces.


Innate Abilities, Weirdness & Mutations

You have an increased reservoir of magic. (+10% MP)
You shall have no god before yourself.
Your divine heritage dramatically boosts your attributes as you level up.


   Skills:
 + Level 2.2 Fighting
 + Level 3.1 Dodging
 - Level 1.7 Stealth
 + Level 2.9 Spellcasting
 + Level 4.4 Ice Magic


You had 2 spell levels left.
You knew the following spells:

 Your Spells              Type           Power      Damage    Failure   Level
a - Freeze                Ice            84%        1d10      2%          1
b - Frozen Ramparts       Ice            42%        1d6       6%          3
c - Ozocubu's Armour      Ice            21%        N/A       6%          3

Your spell library contained the following spells:

 Spells                   Type           Power      Damage    Failure   Level
 Apportation              Tloc           6%         N/A       14%         1
 Hailstorm                Conj/Ice       12%        3d5       47%         4
 Alistair's Intoxication  Tmut/Pois      2%         N/A       98%         5

Inventory:

Hand Weapons
 i - a +0 club {mace}
   (You took it off a goblin on level 1 of the Dungeon)
 s - the +3 whip of Unlotuug {pain, Will+ Dex+4, mace}
   (You found it on level 2 of the Dungeon)

   In the hands of one skilled in necromantic magic, it inflicts extra damage on
   living creatures.
   Dex:       It affects your dexterity (+4).
   Will:      It increases your willpower.
 I - the +5 dagger "Yqifat" (weapon) {drain, rN+ Dex+2, short}
   (You found it on level 3 of the Dungeon)

   A truly terrible weapon, it drains the life of any living foe it strikes.
   Dex:       It affects your dexterity (+2).
   rN:        It protects you from negative energy.
Missiles
 w - 13 stones {throwing}
 B - 4 boomerangs {throwing}
Armour
 a - a +0 robe (worn)
 g - a +0 chain mail
   (You found it on level 1 of the Dungeon)
 j - a +0 ring mail
   (You found it on level 1 of the Dungeon)
 n - a +0 helmet (worn)
   (You found it on level 1 of the Dungeon)
 q - an orb of light (worn)
   (You found it on level 3 of the Dungeon)
 y - a +0 ring mail of cold resistance
   (You found it on level 2 of the Dungeon)
 z - a +0 cloak (worn)
   (You took it off Crazy Yiuf on level 2 of the Dungeon)
 D - a +0 leather armour
   (You took it off an orc on level 3 of the Dungeon)
 E - a +0 ring mail
   (You found it on level 3 of the Dungeon)
 F - a +0 leather armour
   (You took it off an orc on level 3 of the Dungeon)
Magical Staves
 t - a staff of poison {!astaff}
   (You found it on level 2 of the Dungeon)
Wands
 u - a wand of roots (8)
   (You found it on level 2 of the Dungeon)
 A - a wand of flame (30)
   (You took it off Crazy Yiuf on level 2 of the Dungeon)
Scrolls
 c - 4 scrolls of teleportation {unknown}
 d - a scroll of fear {unknown}
 e - 3 scrolls of identify {unknown}
 k - a scroll of fog {unknown}
 l - a scroll of blinking {unknown}
 m - a scroll of magic mapping {unknown}
 p - a scroll of brand weapon {unknown}
 G - a scroll of immolation {unknown}
Potions
 b - 2 potions of magic
 f - a potion of heal wounds {unknown}
 h - 3 potions of degeneration {unknown}
 o - a potion of might {unknown}
 r - a potion of attraction {unknown}
 v - a potion of mutation {unknown}
 x - a potion of lignification {unknown}
 C - a potion of cancellation {unknown}
 H - a potion of curing {unknown}

Dungeon Overview and Level Annotations

Branches:
Dungeon (3/15) Zot: 13060

Shops:
D:1 (

Annotations:
D:3 clackabat's ghost, amateur MiFi

#########..## ##..#######.#
............#########...>........
..............##.......#...####.#
########...#......####.###.####..
.......#..##...##..# #.# #.#....#
...#...#.....>..##.###.###.#.####
..#.#..'......#............#.#
.(.....'.....)###.#..........#
.:#.#..'......†W@...........##
...#...#..########..........###
.......#..# #............##
########..# #..........#..##
..........# #...............
..........# ##.......<#####.
###.#.....# #..........## #.
......##### #...........####
##.#### #...)........#


You could see clackabat's ghost.


Message History

The bat barely misses you. The bat hits you but does no damage.
Casting: Frozen Ramparts (dangerous; 7% risk of failure)
Confirm with . or Enter, or press ? or * to list all spells.
Casting: Frozen Ramparts (dangerous; 7% risk of failure)
Press: ? - help, Dir - look around, f - activate This square is lit by a halo.
The walls around you are covered in ice.
The wall freezes the bat.
The bat closely misses you.
The wall freezes the bat.
The bat misses you.
The wall freezes the adder.
Clackabat's ghost completely resists.
The wall freezes clackabat's ghost but does no damage.
Clackabat's ghost says, "One skewered Demigod, coming right up."
The wall freezes the bat.
You kill the bat!
The wall freezes the goblin.
The wall freezes the adder. 😎 MP[-3]
You lost 3 mp, and now have 9/12 mp.
Casting: Frozen Ramparts (dangerous; 7% risk of failure)
Confirm with . or Enter, or press ? or * to list all spells.
A film of ice covers your body!
The wall freezes the adder.
The adder seems to slow down.
The adder barely misses you.
The wall freezes the goblin.
You kill the goblin!
Clackabat's ghost resists.
The wall freezes clackabat's ghost.
Your Dodging skill increases to level 3! 😎 MP[-3]
You lost 3 mp, and now have 6/12 mp.
You closely miss the adder.
Clackabat's ghost resists.
The wall freezes clackabat's ghost.
The wall freezes the iguana.
The wall freezes the adder.
The adder misses you.
You hit the adder.
You kill the adder!
Clackabat's ghost resists.
The wall freezes clackabat's ghost.
The wall freezes the iguana.
The iguana seems to slow down.
You hit clackabat's ghost.
Clackabat's ghost resists.
The wall freezes clackabat's ghost.
Clackabat's ghost hits you but does no damage.
The wall freezes the iguana.
You hit clackabat's ghost.
Clackabat's ghost resists.
The wall freezes clackabat's ghost.
Clackabat's ghost hits you. 😕 HP[-4]
You take 4 damage, and now have 37/41 hp.
You hit clackabat's ghost but do no damage.
The wall freezes the iguana.
You kill the iguana!
Clackabat's ghost resists.
The wall freezes clackabat's ghost.
Clackabat's ghost closely misses you.
You hit clackabat's ghost but do no damage.
Clackabat's ghost resists.
The wall freezes clackabat's ghost.
Clackabat's ghost hits you but does no damage. 😕 MP[+1]
You hit clackabat's ghost.
The frozen ramparts melt away.
Clackabat's ghost whispers, "Everlasting silence awaits you..."
Clackabat's ghost closely misses you.
You hit clackabat's ghost. Clackabat's ghost hits you. 😕 HP[-2]
You take 2 damage, and now have 35/41 hp.
You hit clackabat's ghost but do no damage.
Clackabat's ghost barely misses you.
Casting: Ozocubu's Armour (dangerous; 6% risk of failure)
Confirm with . or Enter, or press ? or * to list all spells.
Casting: Frozen Ramparts (dangerous; 6% risk of failure)
Press: ? - help, Dir - look around, f - activate This square is lit by a halo.
The walls around you are covered in ice.
Clackabat's ghost completely resists.
The wall freezes clackabat's ghost but does no damage.
Clackabat's ghost hits you! 😮 HP[-7] MP[-3]
You take 7 damage, and now have 28/41 hp.
You lost 3 mp, and now have 4/12 mp.
You hit clackabat's ghost but do no damage.
Clackabat's ghost resists.
The wall freezes clackabat's ghost.
Clackabat's ghost hits you but does no damage. 😮 HP[+1]
You hit clackabat's ghost but do no damage.
Clackabat's ghost resists.
The wall freezes clackabat's ghost.
Clackabat's ghost hits you. 😮 HP[-6]
You take 6 damage, and now have 23/41 hp.
You hit clackabat's ghost but do no damage.
Clackabat's ghost resists.
The wall freezes clackabat's ghost.
Clackabat's ghost hits you!
* * * LOW HITPOINT WARNING * * *
😨 HP[-9] MP[+1]
You take 9 damage, and now have 14/41 hp.
MASSIVE DAMAGE!! (PAUSE)
You hit clackabat's ghost but do no damage.
Clackabat's ghost resists.
The wall freezes clackabat's ghost.
Clackabat's ghost barely misses you.
You hit clackabat's ghost but do no damage.
Clackabat's ghost resists.
The wall freezes clackabat's ghost.
Clackabat's ghost hits you.
* * * LOW HITPOINT WARNING * * *
😱 HP[-4]
You take 4 damage, and now have 10/41 hp.
You hit clackabat's ghost.
Clackabat's ghost resists.
The wall freezes clackabat's ghost.
Clackabat's ghost hits you!
You die...

Skill      XL: |  1  2  3  4  5 |
---------------+----------------+-----
Dodging        | 2 3 |  3.1
Spellcasting   | 2 |  2.9
Fighting       | 1 2 |  2.2
Ice Magic      | 4 |  4.4
Stealth        | |  1.7

Action                   |  1- 3 |  4- 6 || total
-------------------------+-------+-------++-------
Melee: Unarmed           |    35 |       ||    35
       Club              |    37 |       ||    37
       Dagger            |    43 |    27 ||    70
       Whip              |       |    83 ||    83
 Cast: Freeze            |    35 |     1 ||    36
       Frozen Ramparts   |       |     7 ||     7
       Ozocubu's Armour  |       |     2 ||     2
 Stab: Sleeping          |     2 |     6 ||     8
Armor: Robe              |    48 |    26 ||    74
Dodge: Dodged            |   107 |    70 ||   177

Levels and vault maps discovered:
D:1:      giann_bridges, layout_basic, serial_shops,
          nicolae_shop_overgrown_old_shop, kennysheep_pointless_box,
          minmay_tripent
D:2:      minmay_spotlight, layout_basic,
          hellmonk_ecumenical_altar_watching_god, basic_altar,
          uniq_crazy_yiuf_cottage
D:3:      layout_rooms, lemuel_round_altar, gammafunk_ghost_split, minivault_19,
          minmay_hedge_maze, chequers_big_river

Notes
Turn   | Place    | Note
-------+----------+-------------------------------------------
     0 | D:1      | mcwallace the Demigod Ice Elementalist began the quest for
                  | the Orb.
     0 | D:1      | Reached XP level 1. HP: 14/14 MP: 5/5
     0 | D:1      | magus.rc [v1.9.6]
    45 | D:1      | Found Haiskae's Antique Weapon Shop.
   369 | D:1      | Reached skill level 2 in Dodging
   458 | D:1      | Reached skill level 2 in Spellcasting
   559 | D:1      | Reached XP level 2. HP: 19/22 MP: 4/7
  1625 | D:2      | Reached skill level 1 in Fighting
  1757 | D:2      | Reached XP level 3. HP: 18/28 MP: 5/8
  1931 | D:2      | Identified the +3 whip of Unlotuug {pain, Will+ Dex+4}
  2263 | D:2      | Reached skill level 4 in Ice Magic
  2390 | D:2      | You pick up a book of Party Tricks and begin reading...
  2390 | D:2      | You add the spells Apportation and Alistair's Intoxication
                  | to your library.
  2541 | D:2      | Noticed an eye of devastation
  2582 | D:2      | Noticed a shining eye
  2583 | D:2      | Noticed a floating eye
  2583 | D:2      | Noticed an eye of devastation
  2692 | D:2      | Reached XP level 4. HP: 26/35 MP: 8/10
  2911 | D:2      | Found a runed translucent door.
  2912 | D:2      | Noticed Crazy Yiuf
  3021 | D:2      | Learned a level 3 spell: Frozen Ramparts
  3025 | D:2      | Learned a level 3 spell: Ozocubu's Armour
  3031 | D:2      | Killed Crazy Yiuf
  3749 | D:3      | Reached skill level 2 in Fighting
  4274 | D:3      | Reached XP level 5. HP: 35/41 MP: 12/12
  4317 | D:3      | Found a runed translucent gate.
  4317 | D:3      | Found a runed translucent gate.
  4317 | D:3      | Found a runed translucent gate.
  4320 | D:3      | Noticed clackabat's ghost (amateur MiFi)
  4321 | D:3      | Identified the +5 dagger "Yqifat" {drain, rN+ Dex+2}
  4881 | D:3      | Reached skill level 3 in Dodging
  4895 | D:3      | HP: 10/41 [clackabat's ghost (4)]
  4896 | D:3      | Slain by clackabat's ghost

Vanquished Creatures
  Crazy Yiuf (D:2)
  An iguana (D:3)
  8 adders
  4 worms
  2 dart slugs
  2 orcs (D:3)
  6 endoplasms
  A giant cockroach (D:1)
  3 hobgoblins
  3 jackals (D:2)
  4 kobolds
  5 quokkas
  10 ball pythons
  10 bats
  5 frilled lizards
  5 goblins
  8 rats
78 creatures vanquished.

Vanquished Creatures (others)
  9 plants (D:3)
9 creatures vanquished.

Grand Total: 87 creatures vanquished

Table legend:
 A = Non-vault XP
 B = Vault XP
 C = Vault XP percentage of total XP
 D = Non-vault monster count
 E = Vault monster count
 F = Vault count percentage of total count
                 A         B        C        D         E       F
            +---------+---------+-------+---------+---------+-------
      Total |     213 |     104 |  32.8 |      68 |      10 |  12.8
            +---------+---------+-------+---------+---------+-------
        D:1 |      32 |       3 |   8.6 |      20 |       2 |   9.1
        D:2 |      82 |      48 |  36.9 |      23 |       4 |  14.8
        D:3 |      99 |      53 |  34.9 |      25 |       4 |  13.8
            +---------+---------+-------+---------+---------+-------

Illustrated notes

Table legend:
 A = Kills in this place as a percentage of kills in entire the game.
 B = Kills by you in this place as a percentage of kills by you in the entire game.
 C = Kills by friends in this place as a percentage of kills by friends in the entire game.
 D = Other kills in this place as a percentage of other kills in the entire game.
 E = Experience gained in this place as a percentage of experience gained in the entire game.
 F = Experience gained in this place divided by the number of levels of this place that you have seen.
                   A       B       C       D       E      F
               +-------+-------+-------+-------+-------+----------------------
         Total | 100.0 | 100.0 |   N/A |   N/A | 100.0 | 105.7
       Dungeon | 100.0 | 100.0 |   N/A |   N/A | 100.0 | 105.7
               +-------+-------+-------+-------+-------+----------------------

Table legend: (Time is in decaauts)
 A = Elapsed time spent in this place.
 B = Non-inter-level travel time spent in this place.
 C = Inter-level travel time spent in this place.
 D = Time resting spent in this place.
 E = Time spent auto-exploring this place.
 F = Levels seen in this place.
 G = Mean time per level.
                   A        B        C        D        E       F      G
               +--------+--------+--------+--------+--------+-----+--------+
         Total |   4938 |   4872 |     66 |    426 |   3689 |   3 | 1646.0 |
       Dungeon |   4938 |   4872 |     66 |    426 |   3689 |   3 | 1646.0 |
               +--------+--------+--------+--------+--------+-----+--------+

Top non-repeatable levels by time:
     D:1: 1818 daAuts
     D:3: 1628 daAuts
     D:2: 1492 daAuts
